APP
BALTIMORE (APP) ORIOLES @ SEATTLE (APP) MARINERS
08/09/2049
 
TOP OF THE 1ST
Baltimore (APP) Orioles batting - Pitching for Seattle (APP) Mariners : LHP Omar Gutierrez
Pitching: LHP Omar Gutierrez
Batting: LHB Edwin Cabral 0-0: Called Strike
0-1: Ball
1-1: Ball
2-1: Ball
3-1: SINGLE (Line Drive, 8LS, EV 92.5 MPH)
Batting: LHB Robert Ortiz 0-0: Called Strike
0-1: Ball
1-1: Called Strike
Edwin Cabral is caught stealing 2nd base 2-6
1-2: Strikes out swinging
Batting: SHB Shannon Britten 0-0: Swinging Strike
0-1: Foul Ball, location: 2F
0-2: Ball
1-2: Ball
2-2: Foul Ball, location: 2F
2-2: Strikes out looking
Top of the 1st over - 0 runs, 1 hit, 0 errors, 0 left on base; Baltimore (APP) 0 - Seattle (APP) 0
BOTTOM OF THE 1ST
Seattle (APP) Mariners batting - Pitching for Baltimore (APP) Orioles : RHP Bruce Yeager
Pitching: RHP Bruce Yeager
Batting: RHB Carlton McDonald 0-0: Ball
1-0: Foul Ball, location: 2F
1-1: Ground out 5-3 (Groundball, 15, EV 83.1 MPH)
Batting: LHB William Gonzales 0-0: Ball
1-0: Ball
2-0: Foul Ball, location: 2F
2-1: Foul Ball, location: 2F
2-2: Ball
3-2: Strikes out swinging
Batting: RHB Rich Griffith 0-0: Ball
1-0: Foul Ball, location: 2F
1-1: Ball
2-1: Foul Ball, location: 2F
2-2: Ball
3-2: Foul Ball, location: 2F
3-2: Foul Ball, location: 2F
3-2: Base on Balls
Batting: RHB Eddie Luna 0-0: Foul Ball, location: 2F
0-1: Ball
1-1: Foul Ball, location: 2F
1-2: Strikes out swinging
Bottom of the 1st over - 0 runs, 0 hits, 0 errors, 1 left on base; Baltimore (APP) 0 - Seattle (APP) 0
TOP OF THE 2ND
Baltimore (APP) Orioles batting - Pitching for Seattle (APP) Mariners : LHP Omar Gutierrez
Batting: RHB Adam Hudson 0-0: Ground out 4-3 (Groundball, 4MD, EV 103.8 MPH)
Batting: LHB Bryan Davidson 0-0: Ball
1-0: Foul Ball, location: 2F
1-1: Foul Ball, location: 2F
1-2: Ball
2-2: Foul Ball, location: 2F
2-2: SOLO HOME RUN (Flyball, 7D, EV 93.8 MPH), Distance : 359 ft
Batting: LHB Chris Cohen 0-0: Swinging Strike
0-1: Ball
1-1: Ball
2-1: Ball
3-1: Foul Ball, location: 2F
3-2: Base on Balls
Batting: RHB Matt Wallace 0-0: Called Strike
0-1: Ball
1-1: Ball
2-1: Swinging Strike
2-2: Ball
3-2: Strikes out looking
Batting: LHB Ivan Alvarez 0-0: Foul Ball, location: 2F
0-1: Ball
1-1: Foul Ball, location: 2F
1-2: Ball
2-2: Strikes out looking
Top of the 2nd over - 1 run, 1 hit, 0 errors, 1 left on base; Baltimore (APP) 1 - Seattle (APP) 0
BOTTOM OF THE 2ND
Seattle (APP) Mariners batting - Pitching for Baltimore (APP) Orioles : RHP Bruce Yeager
Batting: RHB Victor Rosas 0-0: Ball
1-0: Ball
2-0: Called Strike
2-1: SINGLE (Line Drive, 34, EV 96.2 MPH)
Batting: RHB Joaquin Salazar 0-0: DOUBLE (Line Drive, 9LM, EV 111.2 MPH)
Victor Rosas to third
Batting: RHB Ziven Badersky 0-0: Called Strike
0-1: Ball
1-1: Ball
2-1: Foul Ball, location: 2F
2-2: Foul Ball, location: 2F
2-2: Strikes out swinging
Batting: LHB Garrett Dodge 0-0: Ball
1-0: Ball
2-0: Swinging Strike
2-1: Foul Ball, location: 2F
2-2: Ball
3-2: Strikes out swinging
Batting: RHB Steve Carmichael 0-0: Swinging Strike
0-1: Foul Ball, location: 2F
0-2: Strikes out looking
Bottom of the 2nd over - 0 runs, 2 hits, 0 errors, 2 left on base; Baltimore (APP) 1 - Seattle (APP) 0
TOP OF THE 3RD
Baltimore (APP) Orioles batting - Pitching for Seattle (APP) Mariners : LHP Omar Gutierrez
Batting: RHB Tyler Cohen 0-0: Foul Ball, location: 2F
0-1: Foul Ball, location: 2F
0-2: Ball
1-2: Ball
2-2: Strikes out swinging
Batting: LHB Edwin Cabral 0-0: Ball
1-0: Ball
2-0: Ball
3-0: Called Strike
3-1: Foul Ball, location: 2F
3-2: Strikes out swinging
Batting: LHB Robert Ortiz 0-0: Called Strike
0-1: Swinging Strike
0-2: Ball
1-2: Ball
2-2: Ground out 4-3 (Groundball, 4D, EV 100.6 MPH)
Top of the 3rd over - 0 runs, 0 hits, 0 errors, 0 left on base; Baltimore (APP) 1 - Seattle (APP) 0
BOTTOM OF THE 3RD
Seattle (APP) Mariners batting - Pitching for Baltimore (APP) Orioles : RHP Bruce Yeager
Batting: RHB Carlton McDonald 0-0: SINGLE (Line Drive, 8RS, EV 108.8 MPH)
Batting: LHB William Gonzales 0-0: Ball
1-0: Ball
2-0: Ball
3-0: Base on Balls
Carlton McDonald to second
Batting: RHB Rich Griffith 0-0: Ball
1-0: Ball
2-0: Foul Ball, location: 2F
2-1: Foul Ball, location: 2F
2-2: Foul Ball, location: 2F
2-2: Foul Ball, location: 2F
2-2: 3-RUN HOME RUN (Line Drive, 7D, EV 100.6 MPH), Distance : 379 ft
Batting: RHB Eddie Luna 0-0: Ball
1-0: Foul Ball, location: 2F
1-1: Swinging Strike
1-2: Strikes out looking
Batting: RHB Victor Rosas 0-0: Called Strike
0-1: Ball
1-1: Ball
2-1: Ball
3-1: Base on Balls
Batting: RHB Joaquin Salazar 0-0: Called Strike
0-1: Ball
1-1: Swinging Strike
1-2: Ball
2-2: Ball
3-2: Foul Ball, location: 2F
3-2: Strikes out looking
Batting: RHB Ziven Badersky 0-0: Ball
1-0: Called Strike
1-1: Ball
2-1: Called Strike
2-2: SINGLE (Line Drive, 6M, EV 98.8 MPH)
Victor Rosas to second
Runner from 2nd tries for 3rd, SAFE, throw by CF made to third
Batting: LHB Garrett Dodge 0-0: Ball
1-0: Ball
2-0: Foul Ball, location: 2F
2-1: Foul Ball, location: 2F
2-2: Foul Ball, location: 2F
2-2: Foul Ball, location: 2F
2-2: Ball
Wild Pitch!
Victor Rosas scores
Ziven Badersky to second
3-2: Ground out U3 (Groundball, 34, EV 83.1 MPH)
Bottom of the 3rd over - 4 runs, 3 hits, 0 errors, 1 left on base; Baltimore (APP) 1 - Seattle (APP) 4
TOP OF THE 4TH
Baltimore (APP) Orioles batting - Pitching for Seattle (APP) Mariners : LHP Omar Gutierrez
Batting: SHB Shannon Britten 0-0: Ball
1-0: Ball
2-0: Called Strike
2-1: Called Strike
2-2: Foul Ball, location: 2F
2-2: Ball
3-2: Ground out 6-3 (Groundball, 56, EV 104.4 MPH)
Batting: RHB Adam Hudson 0-0: Ball
1-0: Called Strike
1-1: Foul Ball, location: 2F
1-2: Ball
2-2: Foul Ball, location: 2F
2-2: Ground out 6-3 (Groundball, 6, EV 83.1 MPH)
Batting: LHB Bryan Davidson 0-0: Ball
1-0: Called Strike
1-1: Foul Ball, location: 2F
1-2: Ball
2-2: Ball
3-2: Foul Ball, location: 2F
3-2: Ground out 4-3 (Groundball, 4M, EV 105.0 MPH)
Top of the 4th over - 0 runs, 0 hits, 0 errors, 0 left on base; Baltimore (APP) 1 - Seattle (APP) 4
BOTTOM OF THE 4TH
Seattle (APP) Mariners batting - Pitching for Baltimore (APP) Orioles : RHP Bruce Yeager
Pitching: RHP Sherwood Abernethy
Batting: RHB Steve Carmichael 0-0: SOLO HOME RUN (Flyball, 7LD, EV 93.8 MPH), Distance : 349 ft
Batting: RHB Carlton McDonald 0-0: Swinging Strike
0-1: Ball
1-1: Ball
2-1: Foul Ball, location: 2F
2-2: Strikes out swinging
Batting: LHB William Gonzales 0-0: SOLO HOME RUN (Flyball, 7LD, EV 96.9 MPH), Distance : 342 ft
Batting: RHB Rich Griffith 0-0: Ball
1-0: Foul Ball, location: 2F
1-1: Ball
2-1: Ball
3-1: SINGLE (Groundball, 34D, EV 105.0 MPH)
Batting: RHB Eddie Luna 0-0: Ball
Rich Griffith is caught stealing 2nd base 2-4
1-0: Foul Ball, location: 2F
1-1: Foul Ball, location: 2F
1-2: Strikes out swinging
Bottom of the 4th over - 2 runs, 3 hits, 0 errors, 0 left on base; Baltimore (APP) 1 - Seattle (APP) 6
TOP OF THE 5TH
Baltimore (APP) Orioles batting - Pitching for Seattle (APP) Mariners : LHP Omar Gutierrez
Batting: LHB Chris Cohen 0-0: Called Strike
0-1: Ball
1-1: Called Strike
1-2: Fly out, F7 (Flyball, 78S, EV 75.6 MPH)
Batting: RHB Matt Wallace 0-0: Ball
1-0: Ball
2-0: Called Strike
2-1: Foul Ball, location: 2F
2-2: Strikes out looking
Batting: LHB Ivan Alvarez 0-0: DOUBLE (Line Drive, 5D, EV 98.1 MPH)
Pitching: RHP Jayden Ross
Batting: RHB Tyler Cohen 0-0: Ball
1-0: Called Strike
1-1: Swinging Strike
1-2: Foul Ball, location: 2F
1-2: Ball
2-2: Strikes out swinging
Top of the 5th over - 0 runs, 1 hit, 0 errors, 1 left on base; Baltimore (APP) 1 - Seattle (APP) 6
BOTTOM OF THE 5TH
Seattle (APP) Mariners batting - Pitching for Baltimore (APP) Orioles : RHP Sherwood Abernethy
Batting: RHB Victor Rosas 0-0: Ball
1-0: Called Strike
1-1: Ball
2-1: Called Strike
2-2: SINGLE (Line Drive, 89S, EV 106.2 MPH)
Batting: RHB Joaquin Salazar 0-0: Ball
1-0: Ball
2-0: Ball
3-0: Base on Balls
Victor Rosas to second
Batting: RHB Ziven Badersky 0-0: Grounds into double play, 4-6-3 (Groundball, 34, EV 97.5 MPH)
Victor Rosas to third
Batting: LHB Garrett Dodge 0-0: Ball
1-0: Swinging Strike
1-1: Swinging Strike
1-2: Strikes out looking
Bottom of the 5th over - 0 runs, 1 hit, 0 errors, 1 left on base; Baltimore (APP) 1 - Seattle (APP) 6
TOP OF THE 6TH
Baltimore (APP) Orioles batting - Pitching for Seattle (APP) Mariners : RHP Jayden Ross
Batting: LHB Edwin Cabral 0-0: Called Strike
0-1: Called Strike
0-2: Ball
1-2: Strikes out swinging
Batting: LHB Robert Ortiz 0-0: Fly out, F4 (Popup, 4S, EV 69.4 MPH)
Batting: SHB Shannon Britten 0-0: Ball
1-0: Ball
2-0: Ball
3-0: Called Strike
3-1: Base on Balls
Batting: RHB Adam Hudson 0-0: Ball
Shannon Britten is caught stealing 2nd base 2-4
Top of the 6th over - 0 runs, 0 hits, 0 errors, 0 left on base; Baltimore (APP) 1 - Seattle (APP) 6
BOTTOM OF THE 6TH
Seattle (APP) Mariners batting - Pitching for Baltimore (APP) Orioles : RHP Sherwood Abernethy
Pitching: RHP Joe Sloboda
Batting: RHB Steve Carmichael 0-0: Called Strike
0-1: Swinging Strike
0-2: SOLO HOME RUN (Flyball, 7D, EV 96.9 MPH), Distance : 378 ft
Batting: RHB Carlton McDonald 0-0: Ground out U3 (Groundball, 34, EV 78.1 MPH)
Batting: LHB William Gonzales 0-0: Ball
1-0: Ball
2-0: Ball
3-0: Base on Balls
Batting: RHB Rich Griffith 0-0: Foul Ball, location: 2F
0-1: Foul Ball, location: 2F
0-2: Fielders Choice at 2nd, 3-6 (Groundball, 34, EV 89.4 MPH)
Batting: RHB Eddie Luna 0-0: Ball
1-0: Foul Ball, location: 2F
1-1: Ball
2-1: Ball
3-1: Called Strike
3-2: Base on Balls
Rich Griffith to second
Batting: RHB Victor Rosas 0-0: 3-RUN HOME RUN (Flyball, 78XD, EV 104.4 MPH), Distance : 412 ft
Pitching: RHP Safe-eldin Enobakhare
Batting: RHB Joaquin Salazar 0-0: Called Strike
0-1: Foul Ball, location: 2F
0-2: Ball
1-2: Strikes out swinging
Bottom of the 6th over - 4 runs, 2 hits, 0 errors, 0 left on base; Baltimore (APP) 1 - Seattle (APP) 10
TOP OF THE 7TH
Baltimore (APP) Orioles batting - Pitching for Seattle (APP) Mariners : RHP Jayden Ross
Batting: RHB Adam Hudson 0-0: Foul Ball, location: 2F
0-1: Called Strike
0-2: Ball
1-2: Foul Ball, location: 2F
1-2: Foul Ball, location: 2F
1-2: Foul Ball, location: 2F
1-2: Ground out U3 (Groundball, 34, EV 105.6 MPH)
Batting: LHB Bryan Davidson 0-0: Ball
1-0: Ground out 6-3 (Groundball, 6, EV 80.0 MPH)
Batting: LHB Chris Cohen 0-0: Ball
1-0: Ball
2-0: Called Strike
2-1: Foul Ball, location: 2F
2-2: Foul Ball, location: 2F
2-2: Fly out, F8 (Flyball, 8LM, EV 87.5 MPH)
Top of the 7th over - 0 runs, 0 hits, 0 errors, 0 left on base; Baltimore (APP) 1 - Seattle (APP) 10
BOTTOM OF THE 7TH
Seattle (APP) Mariners batting - Pitching for Baltimore (APP) Orioles : RHP Safe-eldin Enobakhare
Pinch Hitting: RHB Jwahir Pili 0-0: Called Strike
0-1: Ball
1-1: Ball
2-1: Ball
3-1: Foul Ball, location: 2F
3-2: Base on Balls
Batting: LHB Garrett Dodge 0-0: DOUBLE (Flyball, 8LD, EV 91.9 MPH)
Jwahir Pili to third
Batting: RHB Steve Carmichael 0-0: Ball
1-0: Foul Ball, location: 2F
1-1: Ball
2-1: Ball
3-1: SINGLE (Line Drive, 78S, EV 111.2 MPH)
Jwahir Pili scores
Garrett Dodge to third
Runner from 3rd tries for Home, SAFE, throw by LF to home
Batting: RHB Carlton McDonald 0-0: Ball
1-0: Foul Ball, location: 2F
1-1: Ball
2-1: Ball
3-1: SINGLE (Groundball, 56S, EV 65.0 MPH) (infield hit)
Steve Carmichael to second
Pinch Hitting: RHB Neal Perucci 0-0: Called Strike
0-1: Ball
1-1: Foul Ball, location: 2F
1-2: Strikes out swinging
Batting: RHB Rich Griffith 0-0: Swinging Strike
0-1: Ball
1-1: Ball
2-1: Foul Ball, location: 2F
2-2: Ball
3-2: Fly out, F7 (Flyball, 78S, EV 78.8 MPH)
Batting: RHB Eddie Luna 0-0: Ball
Wild Pitch!
Steve Carmichael to third
Carlton McDonald to second
1-0: Called Strike
1-1: Ball
2-1: Ball
3-1: Base on Balls
Batting: RHB Victor Rosas 0-0: Foul Ball, location: 2F
0-1: Foul Ball, location: 2F
0-2: Foul Ball, location: 2F
0-2: DOUBLE (Groundball, 5L, EV 98.1 MPH)
Steve Carmichael scores
Carlton McDonald scores
Eddie Luna to third
Batting: RHB Joaquin Salazar 0-0: Ground out 5-3 (Groundball, 5D, EV 88.1 MPH)
Bottom of the 7th over - 4 runs, 4 hits, 0 errors, 2 left on base; Baltimore (APP) 1 - Seattle (APP) 14
TOP OF THE 8TH
Baltimore (APP) Orioles batting - Pitching for Seattle (APP) Mariners : RHP Jayden Ross
Now at 1B: Frank Amato
Now at 3B: Jwahir Pili
Pinch Hitting: RHB Michael Powell 0-0: Ball
1-0: Called Strike
1-1: Fly out, F8 (Flyball, 8RXD, EV 104.4 MPH)
Pinch Hitting: RHB Pedro Luera 0-0: Called Strike
0-1: Ground out 5-3 (Groundball, 5, EV 86.2 MPH)
Batting: RHB Tyler Cohen 0-0: Ball
1-0: DOUBLE (Flyball, 8RD, EV 102.5 MPH)
Batting: LHB Edwin Cabral 0-0: Swinging Strike
0-1: Swinging Strike
0-2: Ball
1-2: Ball
2-2: Strikes out swinging
Top of the 8th over - 0 runs, 1 hit, 0 errors, 1 left on base; Baltimore (APP) 1 - Seattle (APP) 14
BOTTOM OF THE 8TH
Seattle (APP) Mariners batting - Pitching for Baltimore (APP) Orioles : RHP Safe-eldin Enobakhare
Now at SS: Pedro Luera
Now in LF: Bryan Davidson
Now in CF: Jeff Parlo
Batting: RHB Jwahir Pili 0-0: Ball
1-0: Fly out, F4 (Line Drive, 4, EV 66.9 MPH)
Batting: LHB Garrett Dodge 0-0: Swinging Strike
0-1: DOUBLE (Flyball, 8LD, EV 108.8 MPH)
Pitching: RHP J.J. Maetzold
Batting: RHB Steve Carmichael 0-0: Swinging Strike
0-1: Ball
1-1: Ball
2-1: Swinging Strike
2-2: Ball
3-2: Base on Balls
Batting: RHB Carlton McDonald 0-0: Called Strike
0-1: Ball
1-1: Ball
2-1: Swinging Strike
2-2: Strikes out swinging
Batting: SHB Frank Amato 0-0: Called Strike
0-1: Foul Ball, location: 2F
0-2: Ball
1-2: Ball
Wild Pitch!
Garrett Dodge to third
Steve Carmichael to second
2-2: Foul Ball, location: 2F
2-2: Ball
3-2: Base on Balls
Batting: RHB Rich Griffith 0-0: Fielders Choice at 2nd, 5-4 (Groundball, 56, EV 81.9 MPH)
Bottom of the 8th over - 0 runs, 1 hit, 0 errors, 3 left on base; Baltimore (APP) 1 - Seattle (APP) 14
TOP OF THE 9TH
Baltimore (APP) Orioles batting - Pitching for Seattle (APP) Mariners : RHP Jayden Ross
Pitching: RHP Daniel Villalobos
Batting: LHB Robert Ortiz 0-0: Called Strike
0-1: Ground out 4-3 (Groundball, 4S, EV 61.2 MPH)
Batting: SHB Shannon Britten 0-0: Ball
1-0: Ground out 5-3 (Groundball, 5L, EV 89.4 MPH)
Batting: RHB Adam Hudson 0-0: Ball
1-0: Ball
2-0: Ball
3-0: Base on Balls
Batting: LHB Bryan Davidson 0-0: Ball
1-0: Ball
2-0: Called Strike
2-1: Ball
3-1: SINGLE (Flyball, 3D, EV 94.4 MPH)
Adam Hudson to second
Batting: LHB Chris Cohen 0-0: Ball
1-0: Called Strike
1-1: Ball
2-1: Ball
3-1: Base on Balls
Adam Hudson to third
Bryan Davidson to second
Pinch Hitting: LHB Shane Cruse 0-0: Foul Ball, location: 2F
0-1: Ball
1-1: Ground out 4-3 (Groundball, 34, EV 103.1 MPH)
Top of the 9th over - 0 runs, 1 hit, 0 errors, 3 left on base; Baltimore (APP) 1 - Seattle (APP) 14
Sunday, July 16th , 2023 - OOTP Baseball 24.6 Build 69